cohdb
Replays
Latest Replays
All Replays
Popular Replays
Top Player Replays
Match Explorer
How It Works
Community
CoH3 Stats
Reddit
Sign in to upload your games and track your stats! →
Sign in with Steam
Match 36557253
Unlisted
Match 36557253
Overview
Messages
Build Orders
End
Kettenkrad Recon Vehicle
Construct Infanterie Kompanie
MG 42 Machine Gun Team
MG 42 Machine Gun Team
Construct Luftwaffe Kompanie
Jäger Squad
GrW 34 Mortar Team
Medical Station
Selects Mechanized Battlegroup
Jäger Squad
Selects Spotting Scopes
Luftwaffe Officer Quarters
Jäger Squad
Support Elements
Selects Wespe Self-propelled Artillery
Wespe Self-propelled Artillery
Construct Panzer Kompanie
Selects Raid Package
Atomic Floyd
Microsoft Outlook
deadsadbadmad
Alessandro-9891
InFlames
Mammut
an4lIntruder
Nidaime Hokage
0
0
Comments
sign in to comment!
No comments posted yet!